 Dungeon Crawl Stone Soup version 0.25-a0-665-ga69d64035b (webtiles) character file.

Game seed: 10519362355608874357, levelgen mode: deterministic

146 DasRunzen the Slasher (level 4, -1/37 HPs)
             Began as a Demigod Gladiator on Mar 26, 2020.
             Succumbed to a worker ant's poison
             ... on level 4 of the Dungeon.
             The game lasted 00:03:53 (2849 turns).

DasRunzen the Slasher (Demigod Gladiator)           Turns: 2849, Time: 00:03:54

Health: -1/37      AC:  4    Str: 15 (17) XL:     4   Next: 79%
Magic:  8/8        EV: 13    Int: 11 (14) God:
Gold:   129        SH:  0    Dex: 15 (17) Spells: 6/6 levels left

rFire    . . .     SeeInvis .   a - +0 long sword
rCold    . . .     Gourm    .   (no shield)
rNeg     . . .     Faith    .   b - +0 leather armour
rPois    .         Spirit   .   c - +0 helmet
rElec    .         Reflect  .   (no cloak)
rCorr    .         Harm     .   (no gloves)
MR       .....                  (no boots)
Stlth    +.........             (no amulet)
HPRegen  0.12/turn              (no ring)
MPRegen  0.11/turn              (no ring)

@: lethally poisoned (-1 -> -23)
A: high mp 1
a: no special abilities


You were on level 4 of the Dungeon.
You were not hungry.

You visited 1 branch of the dungeon, and saw 4 of its levels.

You collected 129 gold pieces.

Inventory:

Hand Weapons
 a - a +0 long sword (weapon)
Missiles
 d - 3 throwing nets (quivered)
Armour
 b - a +0 leather armour (worn)
 c - a +0 helmet (worn)
Scrolls
 e - a scroll of immolation {unknown}
 l - a scroll of amnesia
Potions
 g - a potion of experience
 i - a potion of curing {unknown}
 j - a potion of flight {unknown}
 k - a potion of might {unknown}
Comestibles
 f - 5 rations
 m - a chunk of flesh


   Skills:
 + Level 2.6 Fighting
 + Level 3.3 Long Blades
 - Level 1.7 Throwing
 + Level 1.7 Armour
 + Level 3.3 Dodging
 + Level 1.5 Spellcasting


You had 6 spell levels left.
You didn't know any spells.
Your spell library was empty.

Dungeon Overview and Level Annotations

Branches:
Dungeon (4/15)
 Temple: D:4-7


Innate Abilities, Weirdness & Mutations

You have an increased reservoir of magic. (+10% MP)


Message History

You hit the worker ant.
The worker ant is severely wounded.
The worker ant bites you.
* * * LOW HITPOINT WARNING * * *
You are poisoned.
The worker ant poisons you! The worker ant bites you.
* * * LOW HITPOINT WARNING * * *
You are lethally poisoned!
The worker ant poisons you!
You hit the worker ant but do no damage.
The worker ant is severely wounded.
* * * LOW HITPOINT WARNING * * *
You feel sick. The worker ant bites you.
* * * LOW HITPOINT WARNING * * *
You are more poisoned.
The worker ant poisons you!
It was a potion of degeneration.
There was something very wrong with that liquid.
You feel weakened.
You feel dopey.
You feel clumsy.
You die...

......###..## #g#
......# ##.## #.#
......# ##..##
#.# ......#
#....###.#
.....###.###s...#
.....##.# ##...#
....#..# ##..##
... #...a## ##
#.####@# ..# #..#
### ##.# .# ##


You could see a scorpion and a worker ant.

Vanquished Creatures
  Terence (D:3)
  7 adders
  An adder skeleton (D:4)
  A worm (D:2)
  2 leopard geckos (D:3)
  5 bats
  2 giant cockroaches
  10 goblins
  5 hobgoblins
  6 kobolds
  A quokka (D:2)
  2 ball pythons
  4 frilled lizards
  8 rats
55 creatures vanquished.

Notes
Turn   | Place    | Note
-------+----------+-------------------------------------------
     0 | D:1      | DasRunzen the Demigod Gladiator began the quest for the
                  | Orb.
     0 | D:1      | Reached XP level 1. HP: 17/17 MP: 3/3
   262 | D:1      | Reached XP level 2. HP: 9/24 MP: 4/4
   475 | D:1      | HP: 1/24 [poisoned by an adder]
  1288 | D:1      | Reached XP level 3. HP: 29/29 MP: 6/6
  1385 | D:2      | Reached skill level 1 in Armour
  1458 | D:2      | Found a radiant altar of Vehumet.
  1665 | D:2      | Found an ornate altar of the Wu Jian Council.
  1844 | D:2      | Reached skill level 1 in Spellcasting
  2103 | D:3      | Reached XP level 4. HP: 19/37 MP: 8/8
  2314 | D:3      | Noticed Terence
  2325 | D:3      | Killed Terence
  2448 | D:3      | Found a sparkling altar of Nemelex Xobeh.
  2714 | D:3      | Found a shimmering blue altar of Sif Muna.
  2848 | D:4      | HP: 1/37 [worker ant (5)]
  2849 | D:4      | Succumbed to a worker ant's poison

Levels and vault maps discovered:
D:1:      beargit_arrival_greenhouse, layout_basic, minmay_shallow_snake_nest
D:2:      layout_basic, old_standard_altar, vehumet_crystals, first_ration,
          moated_statue
D:3:      layout_loops_ring, led_sif_pool, nemelex_spade_bored_becter,
          uniq_terence
D:4:      layout_layer_cave, minmay_temple_entry_butterflies,
          gammafunk_ghost_grave, minmay_misc_feat_square, uniq_ijyb

Skill      XL: |  1  2  3 |
---------------+----------+-----
Fighting       | 2 |  2.6
Long Blades    | 3 |  3.3
Armour         | 1 |  1.7
Dodging        | 3 |  3.3
Spellcasting   | 1 |  1.5
Throwing       | |  1.7

Action                   |  1- 3 |  4- 6 || total
-------------------------+-------+-------++-------
Melee: Long sword        |   114 |    44 ||   158
  Use: Scroll            |     3 |     1 ||     4
       Potion            |     1 |     1 ||     2
 Stab: Sleeping          |       |     1 ||     1
  Eat: Chunk             |     4 |     2 ||     6
Armor: Leather armour    |    33 |     9 ||    42
Dodge: Dodged            |    76 |    32 ||   108
       Rpst.: Long sword |    29 |    15 ||    44

Table legend:
 A = Non-vault XP
 B = Vault XP
 C = Vault XP percentage of total XP
 D = Non-vault monster count
 E = Vault monster count
 F = Vault count percentage of total count
                 A         B        C        D         E       F
            +---------+---------+-------+---------+---------+-------
      Total |     158 |      51 |  24.4 |      52 |       3 |   5.5
            +---------+---------+-------+---------+---------+-------
        D:1 |      33 |      15 |  31.2 |      22 |       2 |   8.3
        D:2 |      51 |       0 |   0.0 |      16 |       0 |   0.0
        D:3 |      54 |      36 |  40.0 |      11 |       1 |   8.3
        D:4 |      20 |       0 |   0.0 |       3 |       0 |   0.0
            +---------+---------+-------+---------+---------+-------
